[Event "ICC tourney 2803 (60 5)"]
[Site "Internet Chess Club"]
[Date "2022.01.23"]
[Round "4"]
[White "LODH, ANISH:KnightHawk8"]
[Black "BANSAL, ADVAY:chessforme17"]
[Result "0-1"]
[ICCResult "White forfeits on time"]
[WhiteElo "1895"]
[BlackElo "1815"]
[Opening "Sicilian: Alapin's variation (2.c3)"]
[ECO "B22"]
[NIC "SI.47"]
[Time "11:00:57"]
[PlyCount "78"]
[TimeControl "3600+5"]

1. e4 c5 2. c3 Nf6 3. e5 Nd5 4. d4 cxd4 5. Nf3 Nc6 6. cxd4 d6 7. Bc4 Nb6 8.
Bb5 Bd7 9. Nc3 dxe5 10. dxe5 g6 11. O-O Bg7 12. Bf4 O-O 13. Qe2 a6 14. Bd3
Bg4 15. h3 Bxf3 16. Qxf3 Bxe5 17. Rfd1 Qc7 18. Bh6 Bg7 19. Bxg7 Kxg7 20. a4
Rad8 21. a5 Nc8 22. Ra4 Qe5 23. Rh4 Kg8 24. Ne4 Nd6 25. Ng3 Qg7 26. Qe3 Kh8
27. b4 f5 28. Qe2 e5 29. Rc1 e4 30. Bxa6 Nd4 31. Qf1 bxa6 32. Qxa6 f4 33.
Rc6 fxg3 34. Rxd6 gxf2+ 35. Kf1 e3 36. Rhxd4 Qxd4 37. Rxd4 Rxd4 38. Qe2 Rd2
39. Qxe3 Rd1+ {White forfeits on time} 0-1

[Event "ICC tourney 2803 (60 5)"]
[Site "Internet Chess Club"]
[Date "2022.01.23"]
[Round "4"]
[White "QUIRKE, JEFFREY L:PawnEatingZombi"]
[Black "GUIPI BOPALA, PRINCE ERIC:bopala"]
[Result "1-0"]
[ICCResult "Black resigns"]
[WhiteElo "2005"]
[BlackElo "1850"]
[Opening "QGD: Charousek (Petrosian) variation"]
[ECO "D31"]
[NIC "QP.08"]
[Time "11:01:15"]
[PlyCount "53"]
[TimeControl "3600+5"]

1. d4 d5 2. c4 e6 3. Nc3 Be7 4. cxd5 exd5 5. Bf4 Nf6 6. e3 O-O 7. Bd3 c6 8.
Nge2 Re8 9. Qc2 Be6 10. O-O Nbd7 11. h3 Nf8 12. Rad1 Ng6 13. Bh2 Bd6 14.
Bxd6 Qxd6 15. f3 b6 16. e4 Qe7 17. e5 Nh5 18. f4 Nf8 19. f5 Bd7 20. g4 Qg5
21. Qd2 Qh4 22. gxh5 Qxh3 23. Nf4 Qg4+ 24. Qg2 Bxf5 25. Bxf5 Qxf5 26. Nfxd5
Qxh5 27. Nf6+ {Black resigns} 1-0

[Event "ICC tourney 2803 (60 5)"]
[Site "Internet Chess Club"]
[Date "2022.01.23"]
[Round "4"]
[White "DEMCHENKO, ANTON:Falstaf"]
[Black "TANG, ZOEY:WonderZ"]
[Result "1-0"]
[ICCResult "Black resigns"]
[WhiteElo "2654"]
[BlackElo "2085"]
[Opening "Sicilian, Chekhover variation"]
[ECO "B53"]
[NIC "SI.02"]
[Time "11:00:42"]
[PlyCount "105"]
[TimeControl "3600+5"]

1. e4 c5 2. Nf3 d6 3. d4 cxd4 4. Qxd4 Nc6 5. Qe3 e6 6. Be2 Nf6 7. O-O Be7 8.
Rd1 Qc7 9. c4 O-O 10. Nc3 a6 11. h3 Re8 12. b3 d5 13. e5 d4 14. Nxd4 Nxe5
15. Qg3 Qb8 16. Bf4 Bd6 17. Nc6 bxc6 18. Rxd6 Qxd6 19. Bxe5 Qe7 20. Ne4 Kh8
21. Rd1 Ra7 22. Bd3 Rd7 23. Nxf6 Rxd3 24. Rxd3 gxf6 25. Bd6 Qd8 26. Bf8 Rxf8
27. Rxd8 Rxd8 28. Qc7 Rd1+ 29. Kh2 Bd7 30. Qf4 f5 31. Qf3 Rd4 32. Qe3 c5 33.
Qe5+ Kg8 34. Qxc5 Rd2 35. Qe3 Rxa2 36. h4 Kf8 37. h5 Ke8 38. h6 Rc2 39. Qg3
Bc6 40. Qg8+ Ke7 41. Qg5+ Kd6 42. Qd8+ Kc5 43. Qe7+ Kb6 44. Qd8+ Kc5 45. Qd3
Ra2 46. Qe3+ Kd6 47. b4 e5 48. Qc5+ Kd7 49. Qxe5 Be4 50. f3 Bb1 51. Kg3 Ra4
52. Qd5+ Kc7 53. Qxf7+ {Black resigns} 1-0

[Event "ICC tourney 2803 (60 5)"]
[Site "Internet Chess Club"]
[Date "2022.01.23"]
[Round "4"]
[White "LIANG, YU-CHENG:Yucheng"]
[Black "REISS, AIDEN:K09-16581243"]
[Result "1/2-1/2"]
[ICCResult "Game drawn by mutual agreement"]
[WhiteElo "1916"]
[BlackElo "1817"]
[Opening "Nimzo-Indian: 4.e3, main line with 7...Nc6"]
[ECO "E56"]
[NIC "NI.15"]
[Time "11:00:19"]
[PlyCount "72"]
[TimeControl "3600+5"]

1. d4 Nf6 2. c4 e6 3. Nc3 Bb4 4. e3 c5 5. Bd3 d5 6. Nf3 Nc6 7. O-O O-O 8.
Ne2 cxd4 9. exd4 dxc4 10. Bxc4 a6 11. a3 Be7 12. Bg5 b5 13. Ba2 Bb7 14. Rc1
Rc8 15. Bb1 Nd5 16. Qd3 g6 17. h4 Bxg5 18. Nxg5 e5 19. Rfd1 Nxd4 20. Rxc8
Qxc8 21. Nxd4 Nf4 22. Qg3 Qc7 23. Kh2 Nh5 24. Qc3 Qxc3 25. bxc3 exd4 26.
Rxd4 Nf6 27. Ba2 h6 28. Nxf7 Rxf7 29. Rd8+ Kg7 30. Bxf7 Kxf7 31. Rb8 Bd5 32.
Rb6 Ne4 33. Rxa6 Nxc3 34. h5 Be4 35. f3 Bb1 36. Rc6 Ne2
{Game drawn by mutual agreement}
1/2-1/2

[Event "ICC tourney 2803 (60 5)"]
[Site "Internet Chess Club"]
[Date "2022.01.23"]
[Round "4"]
[White "CHEN, RYO WENYU:e4f5"]
[Black "MITRABHA, GUHA:babysnake"]
[Result "1-0"]
[ICCResult "Black resigns"]
[WhiteElo "2282"]
[BlackElo "2470"]
[Opening "Caro-Kann: Bronstein-Larsen variation"]
[ECO "B16"]
[NIC "CK.07"]
[Time "11:01:15"]
[PlyCount "121"]
[TimeControl "3600+5"]

1. e4 c6 2. d4 d5 3. Nd2 dxe4 4. Nxe4 Nf6 5. Nxf6+ gxf6 6. Nf3 Bg4 7. Be2 e6
8. O-O Bd6 9. c4 Nd7 10. h3 Bh5 11. d5 Qe7 12. Nd4 Bxe2 13. Qxe2 exd5 14.
cxd5 Qxe2 15. Nxe2 cxd5 16. Nc3 Nb6 17. Be3 Be5 18. Rfd1 Bxc3 19. bxc3 O-O-O
20. Rab1 Nc4 21. Bxa7 Rhe8 22. Rb5 Re6 23. Bd4 f5 24. Rd3 Kc7 25. Kh2 Re1
26. Rc5+ Kd6 27. Rxd5+ Kxd5 28. Bb6+ Ke6 29. Bxd8 Re2 30. Rd4 Nd6 31. Bb6
Rxa2 32. Rh4 Ne4 33. Rh6+ Ke7 34. f3 Nxc3 35. Bc5+ Kd7 36. Rf6 Nd5 37. Rd6+
Kc7 38. Rxd5 Kc6 39. Re5 f6 40. Rxf5 Ra5 41. Rxf6+ Kxc5 42. Rf5+ Kb4 43. Rf7
b5 44. Rxh7 Kc4 45. Rc7+ Kd4 46. Rb7 Kc4 47. Rc7+ Kd4 48. h4 b4 49. Rc1 b3
50. g4 b2 51. Rb1 Kc3 52. h5 Kc2 53. Rxb2+ Kxb2 54. h6 Ra7 55. g5 Rh7 56.
Kg3 Kc3 57. Kg4 Kd4 58. Kh5 Ke5 59. g6 Ra7 60. g7 Ra1 61. g8=Q {Black
resigns} 1-0

[Event "ICC tourney 2803 (60 5)"]
[Site "Internet Chess Club"]
[Date "2022.01.23"]
[Round "4"]
[White "LIU, ERIC CHANG:el008"]
[Black "IVANOV, ALEXANDER:marble"]
[Result "0-1"]
[ICCResult "White resigns"]
[WhiteElo "1954"]
[BlackElo "2396"]
[Opening "Robatsch defense"]
[ECO "B06"]
[NIC "KF.05"]
[Time "11:00:20"]
[PlyCount "68"]
[TimeControl "3600+5"]

1. e4 g6 2. d4 Bg7 3. Nc3 c6 4. Bf4 Qb6 5. Nge2 Qxb2 6. Rb1 Qa3 7. Bc7 b6 8.
Rb3 Qa6 9. e5 Qb7 10. Bxb8 Rxb8 11. Ne4 f5 12. Ng5 e6 13. Nf4 Bh6 14. h4 Ne7
15. Nh5 Bxg5 16. hxg5 gxh5 17. Qxh5+ Kd8 18. Qf7 c5 19. Qf6 Re8 20. Rxh7
Qe4+ 21. Re3 Qxc2 22. d5 Qc1+ 23. Ke2 Ba6+ 24. Kf3 Bxf1 25. Kg3 Qc4 26. f4
Qxd5 27. Rf3 Be2 28. Re3 Qd2 29. Rxe2 Qxe2 30. Rh8 Rxh8 31. Qxh8+ Kc7 32.
Qf6 Qg4+ 33. Kh2 Nd5 34. Qh6 Nxf4 {White resigns} 0-1

[Event "ICC tourney 2803 (60 5)"]
[Site "Internet Chess Club"]
[Date "2022.01.23"]
[Round "4"]
[White "SHAWKAT, SAIF:saif-shawkat"]
[Black "Otawa, Yuto:hidedozyo"]
[Result "1-0"]
[ICCResult "Black resigns"]
[WhiteElo "1984"]
[BlackElo "2204"]
[Opening "Ruy Lopez: Anderssen variation"]
[ECO "C77"]
[NIC "RL.12"]
[Time "11:00:24"]
[PlyCount "79"]
[TimeControl "3600+5"]

1. e4 e5 2. Nf3 Nc6 3. Bb5 a6 4. Ba4 Nf6 5. d3 d6 6. c3 g6 7. O-O Bg7 8. Re1
O-O 9. h3 b5 10. Bc2 h6 11. a4 Bb7 12. Be3 d5 13. Nbd2 d4 14. cxd4 exd4 15.
Bf4 Nd7 16. Nb3 Rc8 17. axb5 axb5 18. Qc1 g5 19. Bg3 Qe7 20. Bb1 Qb4 21.
Nbd2 Nc5 22. Bc2 Rfe8 23. h4 g4 24. Nh2 h5 25. Ndf1 Ne6 26. f3 gxf3 27. Nxf3
Qc5 28. Qd1 Bh6 29. Bf2 Ra8 30. Rxa8 Rxa8 31. Ng3 Ra2 32. Qb1 Ra8 33. Nf5
Bf8 34. Bb3 Rd8 35. Rc1 Qb4 36. Bxe6 fxe6 37. Qa2 Kf7 38. Ng5+ Kg8 39. Qxe6+
Kh8 40. Qf6+ {Black resigns} 1-0

[Event "ICC tourney 2803 (60 5)"]
[Site "Internet Chess Club"]
[Date "2022.01.23"]
[Round "4"]
[White "HO, CARTER:corviknight"]
[Black "DORASZELSKI, ALEXANDER:alexdora"]
[Result "1-0"]
[ICCResult "Black forfeits on time"]
[WhiteElo "1932"]
[BlackElo "2150"]
[Opening "Sicilian: Najdorf"]
[ECO "B90"]
[NIC "SI.14"]
[Time "11:00:39"]
[PlyCount "75"]
[TimeControl "3600+5"]

1. e4 c5 2. Nf3 d6 3. d4 Nf6 4. Nc3 cxd4 5. Nxd4 a6 6. f3 e5 7. Nb3 Be6 8.
Be3 Be7 9. Qd2 O-O 10. O-O-O a5 11. g4 a4 12. Na1 a3 13. b3 Ra5 14. h4 Nbd7
15. h5 d5 16. g5 d4 17. gxf6 Bxf6 18. Rg1 dxe3 19. Qxe3 Kh8 20. Bb5 h6 21.
Bxd7 Bxd7 22. Kb1 Ra6 23. Nd5 Bg5 24. Qc3 Qb8 25. Nb4 Rd6 26. Qc5 Rxd1+ 27.
Rxd1 Be6 28. Nd3 Rd8 29. Rg1 Bf6 30. Qxa3 Rd4 31. Nc5 Be7 32. b4 Qc8 33.
Nab3 Rc4 34. Rd1 b6 35. Nxe6 fxe6 36. Qa7 Bxb4 37. Qxb6 Ba3 38. Rd8+
{Black forfeits on time}
1-0

[Event "ICC tourney 2803 (60 5)"]
[Site "Internet Chess Club"]
[Date "2022.01.23"]
[Round "4"]
[White "TANG, AUSTIN:Mrpeetapizza"]
[Black "RAM, JAIKRISHNAN:jairam09"]
[Result "1/2-1/2"]
[ICCResult "Game drawn because neither player has mating material"]
[WhiteElo "1867"]
[BlackElo "1691"]
[Opening "Robatsch defense"]
[ECO "B06"]
[NIC "KF.05"]
[Time "11:00:22"]
[PlyCount "121"]
[TimeControl "3600+5"]

1. e4 g6 2. d4 Bg7 3. Nc3 a6 4. f4 d6 5. Nf3 Nd7 6. Bd3 e6 7. O-O Ne7 8. Be3
O-O 9. Qd2 c5 10. Ne2 b5 11. c3 Bb7 12. Ng3 c4 13. Bc2 Nf6 14. h3 Nd7 15. f5
exf5 16. exf5 Nf6 17. Bh6 Qd7 18. Bxg7 Kxg7 19. Qg5 Bxf3 20. Rxf3 h6 21. Qd2
Ned5 22. Raf1 Rae8 23. fxg6 fxg6 24. Bxg6 Kxg6 25. Nf5 Qh7 26. Nxd6 Kg7 27.
Nxe8+ Rxe8 28. Qf2 Re6 29. Rf5 Qg8 30. Qg3+ Kh7 31. Qh4 Qg6 32. g4 Re2 33.
Rxf6 Nxf6 34. Qxf6 Qxf6 35. Rxf6 Rxb2 36. Rxa6 b4 37. Ra7+ Kg6 38. Ra6+ Kg5
39. cxb4 c3 40. Rc6 c2 41. Rc5+ Kf4 42. b5 Rb1+ 43. Kf2 c1=Q 44. Rxc1 Rxc1
45. a4 Ke4 46. b6 Rb1 47. a5 Kxd4 48. Kf3 Rb5 49. Kf4 Rxa5 50. h4 Rb5 51. g5
hxg5+ 52. hxg5 Kd5 53. Kf5 Kd6+ 54. Kf6 Rxb6 55. g6 Kd7+ 56. Kf7 Rb1 57. g7
Rf1+ 58. Kg6 Ke7 59. g8=Q Rg1+ 60. Kh7 Rxg8 61. Kxg8
{Game drawn because neither player has mating material}
1/2-1/2

[Event "ICC tourney 2803 (60 5)"]
[Site "Internet Chess Club"]
[Date "2022.01.23"]
[Round "4"]
[White "WU, WILLIAM:K09-15782241"]
[Black "GU, MINGHAO:mancogu"]
[Result "1-0"]
[ICCResult "Black resigns"]
[WhiteElo "1875"]
[BlackElo "1702"]
[Opening "Sicilian: Alapin's variation (2.c3)"]
[ECO "B22"]
[NIC "SI.46"]
[Time "11:00:22"]
[PlyCount "93"]
[TimeControl "3600+5"]

1. e4 c5 2. c3 d5 3. exd5 Qxd5 4. d4 e6 5. Nf3 Nf6 6. Na3 a6 7. Nc4 Qd8 8.
Bd3 Nc6 9. dxc5 Bxc5 10. O-O O-O 11. Bg5 Be7 12. a4 b6 13. b4 Bb7 14. Qc2 h6
15. Bh4 Nd5 16. Bxe7 Qxe7 17. b5 Na7 18. bxa6 Bxa6 19. Nxb6 Nxb6 20. Bxa6
Nc6 21. Bb5 Rfc8 22. Qb3 Na5 23. Qa3 Qf6 24. Rfc1 Nac4 25. Qa2 Na5 26. Qc2
Nac4 27. Nd2 Nd6 28. Rab1 Nf5 29. Qb3 Nd5 30. Bc4 Nf4 31. Bf1 Qg6 32. Kh1
Nd5 33. c4 Nf6 34. h3 Nd4 35. Qb2 Rd8 36. Ra1 Ne4 37. Nxe4 Qxe4 38. Rd1 Rab8
39. Qc3 e5 40. a5 Qf4 41. Qg3 Qf5 42. a6 Rb3 43. Qxb3 Nxb3 44. Rxd8+ Kh7 45.
a7 Nxa1 46. a8=Q Nc2 47. Bd3 {Black resigns} 1-0

[Event "ICC tourney 2803 (60 5)"]
[Site "Internet Chess Club"]
[Date "2022.01.23"]
[Round "4"]
[White "NGUYEN, TIEN:ngthanhthuytien"]
[Black "HO, COOPER:arsenicblast"]
[Result "1/2-1/2"]
[ICCResult "Game drawn by repetition"]
[WhiteElo "2103"]
[BlackElo "1859"]
[Opening "Réti opening"]
[ECO "A06"]
[NIC "QP.09"]
[Time "11:00:27"]
[PlyCount "97"]
[TimeControl "3600+5"]

1. Nf3 d5 2. e3 Nf6 3. c4 c6 4. Nc3 e6 5. b3 Bd6 6. Bb2 O-O 7. Qc2 Nbd7 8.
Ng5 h6 9. h4 Re8 10. cxd5 exd5 11. Nf3 Ne5 12. Be2 b6 13. O-O-O Qe7 14. Nxe5
Bxe5 15. f4 Bd6 16. f5 Ne4 17. Nxe4 dxe4 18. g4 Be5 19. Bc3 Qc5 20. Bc4 Bxc3
21. Qxc3 Qe5 22. d4 Qe7 23. f6 Qa3+ 24. Kb1 Be6 25. fxg7 b5 26. Bxe6 Rxe6
27. d5 cxd5 28. Rxd5 Ra6 29. Rh2 Rd6 30. Rhd2 Rad8 31. Rxd6 Rxd6 32. g5 hxg5
33. h5 Rxd2 34. Qxd2 Kxg7 35. Qd4+ Kg8 36. Qd8+ Kh7 37. Qxg5 Qd6 38. Qf5+
Kg7 39. Qxe4 Qd1+ 40. Kb2 Qd2+ 41. Ka3 Qa5+ 42. Kb2 Qd2+ 43. Ka3 Qa5+ 44.
Kb2 Qd2+ 45. Ka3 Qa5+ 46. Kb2 Qd2+ 47. Ka3 Qa5+ 48. Kb2 Qd2+ 49. Ka3
{Game drawn by repetition}
1/2-1/2

[Event "ICC tourney 2803 (60 5)"]
[Site "Internet Chess Club"]
[Date "2022.01.23"]
[Round "4"]
[White "YAN, RUIYANG:jy2020"]
[Black "Movahed, Sina:challenger2010"]
[Result "1-0"]
[ICCResult "Black checkmated"]
[WhiteElo "2172"]
[BlackElo "2100"]
[Opening "Sicilian: dragon, Yugoslav attack"]
[ECO "B75"]
[NIC "SI.17"]
[Time "11:00:23"]
[PlyCount "131"]
[TimeControl "3600+5"]

1. e4 c5 2. Nf3 d6 3. d4 cxd4 4. Nxd4 Nf6 5. Nc3 g6 6. Be3 Bg7 7. f3 a6 8.
Qd2 h5 9. a4 Nc6 10. Bc4 O-O 11. O-O Bd7 12. Nxc6 Bxc6 13. Rfd1 Rc8 14. Qe2
Qa5 15. Bb3 h4 16. Qf2 h3 17. Qg3 Qh5 18. Rd2 Bd7 19. Ne2 Qh7 20. Nf4 Nh5
21. Nxh5 Qxh5 22. c3 Be6 23. Bxe6 fxe6 24. Rf1 hxg2 25. Rxg2 Kf7 26. f4 Bf6
27. Bd4 Bh4 28. Qd3 Ke8 29. e5 dxe5 30. Bxe5 Rf5 31. Qe4 Kf7 32. Qxb7 Rc5
33. Qxa6 Bf6 34. Bxf6 Rxf6 35. Qe2 Qh4 36. Rf3 Rcf5 37. Rgf2 Qh8 38. b4 Qa8
39. a5 Qc6 40. a6 Kg7 41. a7 Rf8 42. Re3 Kf7 43. c4 Qb6 44. c5 Qxa7 45. Rxe6
Qd7 46. Re4 e6 47. Rf1 Rd5 48. Re1 Rd2 49. Qc4 Re8 50. R1e2 Rd1+ 51. Kg2 Rd5
52. b5 Re7 53. c6 Qd8 54. b6 Qxb6 55. Rxe6 Rxe6 56. Rxe6 Qd4 57. Re4 Qd1 58.
Re2 Kg7 59. c7 Rc5 60. Re7+ Kh6 61. Qxc5 Qg4+ 62. Kf2 Qxf4+ 63. Ke2 Qxh2+
64. Kd3 g5 65. c8=Q g4 66. Qe6# {Black checkmated} 1-0

[Event "ICC tourney 2803 (60 5)"]
[Site "Internet Chess Club"]
[Date "2022.01.23"]
[Round "5"]
[White "DEMCHENKO, ANTON:Falstaf"]
[Black "Belous, Vladimir:Openyagami"]
[Result "1-0"]
[ICCResult "Black resigns"]
[WhiteElo "2654"]
[BlackElo "2577"]
[Opening "Sicilian: Nimzovich-Rossolimo attack (without ...d6)"]
[ECO "B30"]
[NIC "SI.31"]
[Time "14:00:19"]
[PlyCount "51"]
[TimeControl "3600+5"]

1. e4 c5 2. Nf3 Nc6 3. Bb5 d6 4. O-O Bd7 5. Re1 Nf6 6. c3 a6 7. Bc4 Bg4 8.
d4 Bxf3 9. gxf3 cxd4 10. cxd4 d5 11. exd5 Na5 12. Bf1 Nxd5 13. Nc3 e6 14.
Nxd5 Qxd5 15. Re5 Qd8 16. d5 Bd6 17. Bg5 Qb6 18. Qa4+ Kf8 19. dxe6 Nc6 20.
Rd5 Ne7 21. Be3 Qxb2 22. Bd4 Qa3 23. Qd7 fxe6 24. Rxd6 Nf5 25. Rxe6 Qxf3 26.
Bc5+ {Black resigns} 1-0

[Event "ICC tourney 2803 (60 5)"]
[Site "Internet Chess Club"]
[Date "2022.01.23"]
[Round "5"]
[White "Vikas, Hema:madscience08"]
[Black "WILSON, MATTHEW R:roamingmatt"]
[Result "1-0"]
[ICCResult "Black resigns"]
[WhiteElo "1407"]
[BlackElo "2200"]
[Opening "Sicilian defense"]
[ECO "B40"]
[NIC "SI.43"]
[Time "14:00:40"]
[PlyCount "63"]
[TimeControl "3600+5"]

1. e4 c5 2. Nf3 e6 3. d3 d5 4. Nbd2 Nc6 5. g3 Nge7 6. Bg2 g6 7. O-O Bg7 8.
Re1 O-O 9. a4 b6 10. h4 e5 11. exd5 Nxd5 12. Nh2 h5 13. Qf3 Be6 14. c3 f5
15. Qe2 Qf6 16. Nhf3 Rad8 17. Nc4 f4 18. Nfxe5 Nxe5 19. Nxe5 fxg3 20. fxg3
Rde8 21. Bg5 Qf5 22. d4 cxd4 23. cxd4 Bxe5 24. dxe5 Rc8 25. Rf1 Rc2 26. Bd2
Qg4 27. Rxf8+ Kxf8 28. Bh6+ Kg8 29. Qxc2 Qxg3 30. Qf2 Qxe5 31. Re1 Qf5 32.
Qxf5 {Black resigns} 1-0

[Event "ICC tourney 2803 (60 5)"]
[Site "Internet Chess Club"]
[Date "2022.01.23"]
[Round "5"]
[White "BANSAL, ADVAY:chessforme17"]
[Black "Movahed, Sina:challenger2010"]
[Result "1/2-1/2"]
[ICCResult "Game drawn by mutual agreement"]
[WhiteElo "1815"]
[BlackElo "2100"]
[Opening "Sicilian: Canal-Sokolsky attack, Sokolsky variation"]
[ECO "B52"]
[NIC "SI.01"]
[Time "14:00:11"]
[PlyCount "74"]
[TimeControl "3600+5"]

1. e4 c5 2. Nf3 d6 3. Bb5+ Bd7 4. Bxd7+ Qxd7 5. c4 Nf6 6. Nc3 g6 7. d4 cxd4
8. Nxd4 Bg7 9. f3 O-O 10. Be3 Rc8 11. b3 e6 12. Qd2 Nc6 13. O-O d5 14. cxd5
exd5 15. Nxc6 bxc6 16. Rad1 Qe6 17. exd5 Nxd5 18. Nxd5 cxd5 19. Bd4 Bxd4+
20. Qxd4 Rc2 21. Rf2 Rxf2 22. Kxf2 Re8 23. Qxd5 Qe2+ 24. Kg1 Qxa2 25. h3 h5
26. Kh2 Qb2 27. f4 Qf6 28. Qd4 Qe7 29. Ra1 Ra8 30. f5 Qc7+ 31. Kh1 Rd8 32.
Qe3 Kg7 33. fxg6 fxg6 34. Rc1 Qf7 35. Qe5+ Kh7 36. Rc7 Rd7 37. Rxd7 Qxd7
{Game drawn by mutual agreement}
1/2-1/2

[Event "ICC tourney 2803 (60 5)"]
[Site "Internet Chess Club"]
[Date "2022.01.23"]
[Round "5"]
[White "RAM, JAIKRISHNAN:jairam09"]
[Black "LI, DAVID TONGJIA:UltimateDL"]
[Result "1-0"]
[ICCResult "Black resigns"]
[WhiteElo "1691"]
[BlackElo "1886"]
[Opening "Queen's gambit accepted"]
[ECO "D20"]
[NIC "QG.03"]
[Time "14:00:28"]
[PlyCount "66"]
[TimeControl "3600+5"]

1. d4 d5 2. c4 dxc4 3. e3 e5 4. Bxc4 exd4 5. exd4 Bd6 6. Nf3 Nf6 7. O-O O-O
8. Bg5 Bg4 9. h3 Bh5 10. Nbd2 h6 11. Be3 Nc6 12. a3 Ne7 13. Qb3 b6 14. Ne5
Bxe5 15. dxe5 Nfd5 16. g4 Nxe3 17. Qxe3 Bg6 18. f4 Nd5 19. Qf3 Nb4 20. Rf2
Nc2 21. Raf1 Qd4 22. f5 Bh7 23. Bxf7+ Kxf7 24. Qb3+ Ke7 25. Qe6+ Kd8 26. Nb3
Bg8 27. Nxd4 Bxe6 28. Nxe6+ Ke7 29. Nxf8 Ne3 30. Ng6+ Kf7 31. Re1 Nd5 32.
e6+ Kf6 33. Rd2 Nf4 {Black resigns} 1-0

[Event "ICC tourney 2803 (60 5)"]
[Site "Internet Chess Club"]
[Date "2022.01.23"]
[Round "5"]
[White "OPASKA, MICHAEL:mopaska1106"]
[Black "REISS, AIDEN:K09-16581243"]
[Result "0-1"]
[ICCResult "White resigns"]
[WhiteElo "1874"]
[BlackElo "1817"]
[Opening "Nimzo-Indian: 4.e3 c5"]
[ECO "E41"]
[NIC "NI.15"]
[Time "14:00:48"]
[PlyCount "92"]
[TimeControl "3600+5"]

1. d4 Nf6 2. c4 e6 3. Nc3 Bb4 4. e3 c5 5. Nf3 d5 6. a3 Bxc3+ 7. bxc3 Nc6 8.
cxd5 exd5 9. Bd3 O-O 10. O-O Bg4 11. Rb1 b6 12. Be2 Ne4 13. Bb2 Re8 14. dxc5
Nxc5 15. c4 dxc4 16. Bxc4 Qxd1 17. Rbxd1 Rac8 18. h3 Bh5 19. Bb5 a6 20. Bc4
Na4 21. Ba1 b5 22. Bd5 Na5 23. Rc1 Nb6 24. Ba2 Nac4 25. Bd4 Bg6 26. Rfd1 a5
27. Nd2 a4 28. Nb1 Nd5 29. Nc3 Nxc3 30. Rxc3 Bf5 31. Kh2 Be6 32. Rb1 Rb8 33.
Rb4 f6 34. Ba7 Rb7 35. Bxc4 Bxc4 36. Rcxc4 Rxa7 37. Rxb5 Kf7 38. Rbb4 Rea8
39. g4 Kg6 40. Kg3 h5 41. f4 hxg4 42. hxg4 Kf7 43. e4 Rd8 44. Rxa4 Rd3+ 45.
Kh4 g5+ 46. fxg5 Kg6 {White resigns} 0-1

[Event "ICC tourney 2803 (60 5)"]
[Site "Internet Chess Club"]
[Date "2022.01.23"]
[Round "5"]
[White "HEBDEN, MARK L:mhebden"]
[Black "HO, CARTER:corviknight"]
[Result "0-1"]
[ICCResult "White resigns"]
[WhiteElo "2505"]
[BlackElo "1932"]
[Opening "QGD Slav: 4.e3"]
[ECO "D11"]
[NIC "QP.08"]
[Time "14:00:27"]
[PlyCount "128"]
[TimeControl "3600+5"]

1. d4 d5 2. Nf3 Nf6 3. c4 c6 4. e3 g6 5. Nc3 Bg7 6. Be2 O-O 7. O-O dxc4 8.
Bxc4 Bg4 9. h3 Bxf3 10. Qxf3 Nbd7 11. Rd1 e5 12. d5 e4 13. Nxe4 Nxe4 14.
Qxe4 Nb6 15. Qc2 Nxc4 16. Qxc4 cxd5 17. Rxd5 Qb6 18. e4 Rac8 19. Qe2 Rfe8
20. Be3 Rxe4 21. Rad1 Qxb2 22. Qxb2 Bxb2 23. Rb5 Bc3 24. Rxb7 a5 25. Rdd7
Rf8 26. a3 Ra4 27. Bc5 Rc8 28. Be7 Rd4 29. g3 Rxd7 30. Rxd7 Rc4 31. Rd8+ Kg7
32. Bf8+ Kf6 33. Rd6+ Kf5 34. g4+ Ke4 35. Rd7 f6 36. Kg2 h5 37. f3+ Ke3 38.
Re7+ Be5 39. Bh6+ Kd3 40. Rd7+ Rd4 41. Ra7 a4 42. Bf8 h4 43. Bb4 Rc4 44.
Rd7+ Bd4 45. Be1 Rc2+ 46. Kf1 g5 47. f4 Rh2 48. fxg5 fxg5 49. Bb4 Rf2+ 50.
Ke1 Rg2 51. Rf7 Rg1+ 52. Rf1 Bc3+ 53. Bxc3 Rxf1+ 54. Kxf1 Kxc3 55. Ke2 Kb3
56. Kd3 Kxa3 57. Ke4 Kb4 58. Kf5 a3 59. Kxg5 a2 60. Kxh4 a1=Q 61. g5 Kc5 62.
g6 Kd6 63. Kg5 Ke7 64. h4 Qf6+ {White resigns} 0-1

[Event "ICC tourney 2803 (60 5)"]
[Site "Internet Chess Club"]
[Date "2022.01.23"]
[Round "5"]
[White "Chin, Spencer:Baseballchamp"]
[Black "TANG, AUSTIN:Mrpeetapizza"]
[Result "1-0"]
[ICCResult "Black resigns"]
[WhiteElo "1801"]
[BlackElo "1867"]
[Opening "Sicilian: Alapin's variation (2.c3)"]
[ECO "B22"]
[NIC "SI.46"]
[Time "14:00:22"]
[PlyCount "83"]
[TimeControl "3600+5"]

1. e4 c5 2. c3 d5 3. exd5 Qxd5 4. d4 Nf6 5. Nf3 e6 6. Be3 cxd4 7. cxd4 Be7
8. Nc3 Qd8 9. Bc4 O-O 10. O-O Nc6 11. a3 a6 12. Ba2 Qc7 13. d5 exd5 14. Nxd5
Nxd5 15. Bxd5 Bd7 16. Rc1 Bf6 17. Qb3 Bg4 18. Bb6 Qd7 19. Rfd1 Bxf3 20. Bxf3
Qf5 21. Bc5 Rfc8 22. Qxb7 Rab8 23. Qxa6 Ne5 24. Bb7 Rxc5 25. Rxc5 Nf3+ 26.
Bxf3 Qxc5 27. b4 Qc3 28. Qd6 Re8 29. Be4 h6 30. Qc6 Qe5 31. f3 Bg5 32. b5
Kh8 33. Qd5 Qe7 34. Qd6 Qa7+ 35. Kh1 Qa5 36. b6 f5 37. b7 fxe4 38. b8=Q Rxb8
39. Qxb8+ Kh7 40. Qb1 Qxa3 41. Qxe4+ g6 42. Rd7+ {Black resigns} 1-0

[Event "ICC tourney 2803 (60 5)"]
[Site "Internet Chess Club"]
[Date "2022.01.23"]
[Round "5"]
[White "DORASZELSKI, ALEXANDER:alexdora"]
[Black "EHSANI, YASSAMIN:Blue-Elephant1"]
[Result "1-0"]
[ICCResult "Black resigns"]
[WhiteElo "2150"]
[BlackElo "1980"]
[Opening "Sicilian: closed"]
[ECO "B23"]
[NIC "SI.44"]
[Time "14:00:12"]
[PlyCount "67"]
[TimeControl "3600+5"]

1. e4 c5 2. Nc3 e6 3. g3 Nc6 4. Bg2 Nf6 5. Nge2 Be7 6. O-O O-O 7. h3 Nd4 8.
Nxd4 cxd4 9. Ne2 e5 10. f4 Bc5 11. d3 d6 12. Kh2 b5 13. c4 bxc4 14. dxc4 Bb7
15. Qd3 Bc6 16. f5 Nd7 17. g4 Bb6 18. Ng3 Nc5 19. Qd1 f6 20. h4 Qb8 21. g5
Bd8 22. g6 h6 23. Qh5 Qb7 24. b4 Nd3 25. b5 Be8 26. Bd2 Rc8 27. Qe2 Nc5 28.
Nh5 a6 29. bxa6 Nxa6 30. Rab1 Qc7 31. Bxh6 gxh6 32. Qd2 Rf7 33. gxf7+ Qxf7
34. Bf3 {Black resigns} 1-0

[Event "ICC tourney 2803 (60 5)"]
[Site "Internet Chess Club"]
[Date "2022.01.23"]
[Round "5"]
[White "GUIPI BOPALA, PRINCE ERIC:bopala"]
[Black "LIANG, YU-CHENG:Yucheng"]
[Result "0-1"]
[ICCResult "White resigns"]
[WhiteElo "1850"]
[BlackElo "1916"]
[Opening "Benoni: fianchetto variation"]
[ECO "A62"]
[NIC "BI.23"]
[Time "14:00:48"]
[PlyCount "56"]
[TimeControl "3600+5"]

1. d4 Nf6 2. c4 e6 3. g3 c5 4. d5 exd5 5. cxd5 d6 6. Bg2 g6 7. Nf3 Bg7 8.
Nc3 O-O 9. O-O Re8 10. Nd2 Nbd7 11. Nc4 Ne5 12. Nxe5 Rxe5 13. e4 Re8 14. Re1
Bd7 15. f4 Ng4 16. h3 Bd4+ 17. Kf1 Nf2 18. Qf3 f5 19. e5 Ne4 20. e6 Nxc3 21.
exd7 Rxe1+ 22. Kxe1 Ne4 23. Qb3 Qxd7 24. Be3 Re8 25. Bxd4 cxd4 26. Kd1 Nf2+
27. Kd2 Re3 28. Qc4 Rxg3 {White resigns} 0-1